 Dungeon Crawl Stone Soup version 0.21-a0-434-g806c6c2 (webtiles) character file.

15 Ijustatesigmund the Sneak (level 2, -1/18 HPs)
             Began as an Octopode Enchanter on Nov 8, 2017.
             Slain by a goblin
             ... wielding a +1 dagger of holy wrath
             ... led by Robin
              (7 damage)
             ... on level 1 of the Dungeon.
             The game lasted 00:01:42 (288 turns).

Ijustatesigmund the Sneak (Octopode Enchanter)       Turns: 288, Time: 00:01:43

Health: -1/18      AC:  1    Str:  7    XL:     2   Next: 50%
Magic:  5/5        EV: 13    Int: 17    God:
Gold:   10         SH:  0    Dex: 12    Spells: 4/5 levels left

rFire    . . .     SeeInvis .   a - +1 dagger
rCold    . . .     Gourm    .   (no shield)
rNeg     . . .     Faith    .   (helmet restricted)
rPois    .         Spirit   .   (no amulet)
rElec    .         Reflect  .   e - ring of teleportation (curse)
rCorr    .         Harm     .   (no ring)
MR       .....     Rnd*Tele +   (no ring)
Stlth    +++.......             (no ring)
HPRegen  0.06/turn              (no ring)
MPRegen  0.09/turn              (no ring)
                                (no ring)
                                (no ring)

@: no status effects
A: almost no armour, stealthy swim, amphibious, 8 rings, constrict 8, camouflage
1, gelatinous body 1
a: no special abilities


You were on level 1 of the Dungeon.
You were not hungry.

You visited 1 branch of the dungeon, and saw 2 of its levels.

You collected 10 gold pieces.

Inventory:

Hand Weapons
 a - a +1 dagger (weapon)
Jewellery
 e - a cursed ring of teleportation (left tentacle)
 f - a +3 amulet of reflection {unknown}
 g - an uncursed ring of protection from magic {unknown}
Books
 b - a book of Maledictions

   Spells                             Type                      Level
   a - Corona                         Hexes                        1
   b - Ensorcelled Hibernation        Hexes/Ice                    2
   c - Confuse                        Hexes                        3
   d - Tukima's Dance                 Hexes                        3
   e - Dazzling Spray                 Conjuration/Hexes            3
Comestibles
 c - a bread ration
 d - a chunk of flesh


   Skills:
 * Level 1.6 Fighting
 + Level 1.5 Short Blades
 - Level 2.0 Dodging
 - Level 4.0 Stealth
 - Level 2.0 Spellcasting
 - Level 3.0 Hexes


You had 4 spell levels left.
You knew the following spells:

 Your Spells              Type           Power        Failure   Level  Hunger
a - Corona                Hex            ##.....      5%          1    #......


Dungeon Overview and Level Annotations

Branches:
Dungeon (2/15)

Altars:
Uskayaw

Annotations:
D:2 Robin


Innate Abilities, Weirdness & Mutations

You cannot wear most types of armour.
You are very stealthy in the water. (Stealth+)
You are amphibious.
You can wear up to eight rings at the same time.
You can use your tentacles to constrict eight enemies at once.
Your skin changes colour to match your surroundings (Stealth+).
Your rubbery body absorbs attacks. (AC +1, EV +1)


Message History

Robin roars a battlecry!
The goblins go into a battle-frenzy!
The hobgoblin shouts!
You hear a shout!
Robin roars a battlecry!
The goblin closely misses you.
A hobgoblin comes into view. It is wielding a club.
A dart slug comes into view.
Found a robe.
There is a stone staircase leading up here.
Robin roars a battlecry!
The hobgoblins go into a battle-frenzy!
The goblin barely misses you. The goblin hits you but does no damage.
You climb upwards.
A giant cockroach and a hobgoblin come into view.
Found a sedimented white potion.
There is a stone staircase leading down here.
The hobgoblin shouts!
You open the door. The goblin hits you with a club.
The goblin hits you with a dagger of holy wrath!
You die...

...# ...#
.... ...#
... ...#..
..# .....#
..# ######
#.# #.#
######'####
#....g@...#
##.....gg!.#
.......s...#
...........#
......######
#####. #. #.


You could see a giant cockroach, a hobgoblin and 2 goblins.

Vanquished Creatures
  A worm (D:2)
  A giant cockroach (D:1)
  2 goblins
  A hobgoblin (D:1)
  2 kobolds (D:1)
  3 bats
10 creatures vanquished.

Notes
Turn   | Place    | Note
-------+----------+-------------------------------------------
     0 | D:1      | Ijustatesigmund the Octopode Enchanter began the quest for the Orb.
     0 | D:1      | Reached XP level 1. HP: 11/11 MP: 3/3
    71 | D:1      | Reached skill level 1 in Fighting
   205 | D:1      | Reached XP level 2. HP: 14/18 MP: 5/5
   244 | D:2      | Found a hide-covered altar of Uskayaw.
   278 | D:2      | Noticed Robin
   288 | D:1      | Slain by a goblin

Vault maps used:
D:1:      sevenhm_arrival_forest_fort_large_4, minmay_misc_feat_hallway
D:2:      overflow_temple_1_default, eat_drink_and_be_merry_uskayaw,
          marbit_many_paths, fedhas_altar_3, serial_aquarium,
          aquarium_bridge_long_joined, aquarium_window_fake, aquarium_window_1,
          aquarium_view_2d, aquarium_pool_2, minmay_tetromino_o2, uniq_robin

Skill      XL: |  1 |
---------------+----+-----
Fighting       | 1 |  1.6
Short Blades   | |  1.5
Dodging        | |  2.0
Stealth        | |  4.0
Spellcasting   | |  2.0
Hexes          | |  3.0

Action                   || total
-------------------------++-------
Melee: Dagger            ||    27
       Constrict         ||     5
       Tentacles         ||     4
  Use: Potion            ||     1
 Stab: Sleeping          ||     4
Armor: Skin              ||    10
Dodge: Dodged            ||    33

Table legend:
 A = Spawn XP
 B = Non-spawn XP
 C = Spawn XP percentage of total XP
 D = Spawn monster count
 E = Non-spawn monster count
 F = Spawn count percentage of total count
 G = Total turns spent on level
                    A         B        C        D         E        F      G
               +---------+---------+-------+---------+---------+-------+---------
         Total |       0 |      22 |   0.0 |       0 |      10 |   0.0 |   288
               +---------+---------+-------+---------+---------+-------+---------
           D:1 |       0 |      13 |   0.0 |       0 |       7 |   0.0 |   247
           D:2 |       0 |       9 |   0.0 |       0 |       3 |   0.0 |    41
               +---------+---------+-------+---------+---------+-------+---------
